 Dungeon Sprint DCSS version 0.15-a0-110-gb05c47c (webtiles) character file.

5012 BluebellGnoll the Imperceptible (level 10, 0/46 HPs)
             Began as a Spriggan Assassin on Apr 10, 2014.
             Was a Priest of Vehumet.
             Slain by a spriggan rider
             ... wielding a +0,+1 spear
              (20 damage)
             ... in the Dungeon (Sprint IV: "Fedhas' Mad Dash").
             The game lasted 00:13:23 (1201 turns).

BluebellGnoll the Imperceptible (Spriggan Assassin) Turns: 1201, Time: 00:13:23

HP   0/46        AC  3     Str  7      XL: 10   Next: 24%
MP   7/30        EV 29     Int 17      God: Vehumet [***...]
Gold 206         SH  0     Dex 17      Spells:  1 memorised, 23 levels left

rFire  . . .     SeeInvis +     b - +0 blowgun
rCold  . . .     Clarity  .     c - +0 robe
rNeg   . . .     Conserve .     (shield restricted)
rPois  .         rCorr    .     (helmet restricted)
rElec  .         rRot     .     d - +0 cloak
SustAb . .       Spirit   .     (gloves unavailable)
rMut   .         Warding  .     (boots unavailable)
Saprov . . .     NoTele   +     (no amulet)
MR     +....                    (no ring)
                                n - ring of invisibility

@: very quick, somewhat resistant to hostile enchantments, incredibly stealthy
A: unfitting armour, see invisible, herbivore 3, speed 3, slow metabolism 2
a: Renounce Religion, Evoke Invisibility


You were in the Dungeon.
You worshipped Vehumet.
Vehumet was most pleased with you.
You were not hungry.

You visited 1 branch You collected 206 gold pieces.

Inventory:

Hand weapons
 a - a +2,+2 dagger
 b - a +0 blowgun (weapon)
 s - a +1,+0 quarterstaff of protection
Missiles
 e - 3 poisoned needles (quivered)
 f - a curare-tipped needle
Armour
 c - a +0 robe (worn)
 d - a +0 cloak (worn)
Comestibles
 q - 3 honeycombs
Scrolls
 m - a scroll of blinking
 o - 3 scrolls of remove curse {unknown}
 p - a scroll of amnesia {unknown}
 r - a scroll of immolation {unknown}
 u - a scroll of recharging {unknown}
Jewellery
 n - a ring of invisibility (left hand)
Potions
 g - a potion of porridge
 j - a potion of haste
 k - 2 potions of magic
 l - a potion of berserk rage
Books
 t - a book of Annihilations {highlevel, unknown}

   This book is beyond your current level of understanding.

   Spells                             Type                      Level
   Poison Arrow                       Conjuration/Poison           6
   Chain Lightning                    Conjuration/Air              8
   Lehudib's Crystal Spear            Conjuration/Earth            8
   Glaciate                           Conjuration/Ice              9
   Fire Storm                         Conjuration/Fire             9
Magical staves
 h - an uncursed staff of poison {unknown}


   Skills:
 - Level 1.5 Fighting
 - Level 10.3 Short Blades
 - Level 2.1 Throwing
 * Level 13.3 Dodging
 - Level 24.6 Stealth
 * Level 8.6 Spellcasting
 - Level 5.9 Earth Magic


You had 23 spell levels left.
You knew the following spells:

 Your Spells              Type           Power        Failure   Level  Hunger
a - Stone Arrow           Conj/Erth      ###...       2%          3    #......


Dungeon Overview and Level Annotations

Branches:
Dungeon (1/1)

Altars:
Cheibriados
Dithmenos
Elyvilon
Kikubaaqudgha
Makhleb
Nemelex Xobeh
Okawaru
Sif Muna
Trog
Vehumet
Xom
Yredelemnul
Zin
The Shining One
Beogh
Jiyva
Lugonu

Shops:
D %*([


Innate Abilities, Weirdness & Mutations

You are tiny and cannot use many weapons and most armour.
You have supernaturally acute eyesight.
You are a herbivore.
You cover ground extremely quickly.
You need consume almost no food.


Message History

Casting: Stone Arrow
Confirm with . or Enter, or press ? or * to list all spells.
Aiming: Stone Arrow
Press: ? - help, Shift-Dir - straight line, f/p - spriggan rider
Aim: a spriggan rider, wielding a spear (moderately wounded, poisoned)
The stone arrow hits the spriggan rider.
The spriggan rider is moderately wounded.
The spriggan rider barely misses you.
Casting: Stone Arrow
Confirm with . or Enter, or press ? or * to list all spells.
Aiming: Stone Arrow
Press: ? - help, Shift-Dir - straight line, f/p - spriggan rider
Aim: a spriggan rider, wielding a spear (heavily wounded, poisoned)
The stone arrow misses the spriggan rider.
The spriggan rider hits you from afar with a spear!
* * * LOW HITPOINT WARNING * * *
Drink which item? (? for menu, Esc to quit)
You feel much better.
The spriggan rider hits you from afar with a spear!
You die...

########################
......⌠.#..'[..#....##∩#
_._._._.'..#...#...f'()#
._._._..#..###'##.((##∩#
_._._._.#..##∩∩.+...#### i
......⌠.############# ##...
#############....(.###....i♣
..♣(###.'..'....@)i'('..(♣
♣..♣##..#..#.f.....#######
.♣[.###.##+##.f....#
...♣'...# ######## #########


You could see a spriggan rider.

Vanquished Creatures
  A spriggan druid (D)
  6 oklob plants (D)
  A demonic crawler (D)
  3 burning bushes (D)
  2 wandering mushrooms (D)
  A queen bee (D)
  2 scorpions (D)
  4 killer bees (D)
  5 oklob saplings (D)
  A worker ant (D)
  4 spriggans (D)
  A green rat (D)
  A rat (D)
  A ballistomycete (D)
33 creatures vanquished.

Vanquished Creatures (others)
  A giant spore (D)
1 creature vanquished.

Grand Total: 34 creatures vanquished

Notes
Turn   | Place    | Note
--------------------------------------------------------------
     0 | D        | BluebellGnoll, the Spriggan Assassin, began the quest for the Orb.
     0 | D        | Reached XP level 1. HP: 10/10 MP: 2/2
     8 | D        | Reached skill level 8 in Stealth
     8 | D        | Reached XP level 2. HP: 14/14 MP: 4/4
    12 | D        | Noticed an oklob sapling
    14 | D        | Killed an oklob sapling
    14 | D        | Reached skill level 11 in Stealth
    14 | D        | Reached XP level 3. HP: 18/18 MP: 6/6
    16 | D        | Noticed a worker ant
    18 | D        | Killed a worker ant
    18 | D        | Reached skill level 12 in Stealth
    32 | D        | Found a snail-covered altar of Cheibriados.
    32 | D        | Found a glowing silver altar of Zin.
    32 | D        | Found a white marble altar of Elyvilon.
    32 | D        | Found a viscous altar of Jiyva.
    32 | D        | Found a radiant altar of Vehumet.
    32 | D        | Found an ancient bone altar of Kikubaaqudgha.
    32 | D        | Found a bloodstained altar of Trog.
    32 | D        | Found a corrupted altar of Lugonu.
    32 | D        | Noticed an oklob sapling priest
    33 | D        | Found a glowing golden altar of the Shining One.
    33 | D        | Found a deep blue altar of Sif Muna.
    34 | D        | Found a burning altar of Makhleb.
    34 | D        | Found a sparkling altar of Nemelex Xobeh.
    35 | D        | Found an iron altar of Okawaru.
    36 | D        | Found a shadowy altar of Dithmenos.
    36 | D        | Found a shimmering altar of Xom.
    37 | D        | Found a basalt altar of Yredelemnul.
    38 | D        | Found a roughly hewn altar of Beogh.
    39 | D        | Killed an oklob sapling priest
    39 | D        | Reached skill level 14 in Stealth
    39 | D        | Reached XP level 4. HP: 22/22 MP: 5/8
    41 | D        | Became a worshipper of Vehumet
    48 | D        | Noticed an oklob sapling
    51 | D        | Killed an oklob sapling
    51 | D        | Reached skill level 15 in Stealth
   159 | D        | Noticed a queen bee
   160 | D        | Noticed a killer bee
   161 | D        | Noticed a killer bee
   163 | D        | Noticed a killer bee
   163 | D        | Noticed a killer bee
   167 | D        | Killed a killer bee
   167 | D        | Reached skill level 16 in Stealth
   167 | D        | Reached XP level 5. HP: 25/25 MP: 7/10
   168 | D        | Killed a killer bee
   168 | D        | Reached skill level 17 in Stealth
   170 | D        | Killed a killer bee
   170 | D        | Acquired Vehumet's first power
   170 | D        | Offered knowledge of Shock by Vehumet.
   170 | D        | Reached skill level 18 in Stealth
   172 | D        | Killed a killer bee
   172 | D        | Reached XP level 6. HP: 30/30 MP: 9/12
   173 | D        | Killed a queen bee
   173 | D        | Reached skill level 20 in Stealth
   175 | D        | Noticed an oklob plant
   178 | D        | Killed an oklob plant
   178 | D        | Reached skill level 23 in Stealth
   178 | D        | Reached XP level 7. HP: 33/33 MP: 12/14
   205 | D        | Noticed a burning bush
   209 | D        | Killed a burning bush
   209 | D        | Reached skill level 24 in Stealth
   209 | D        | Reached XP level 8. HP: 37/37 MP: 16/16
   242 | D        | Noticed an oklob sapling wizard
   245 | D        | Killed an oklob sapling wizard
   294 | D        | Noticed a scorpion
   309 | D        | Killed a scorpion
   366 | D        | Found Sithrubaaj's General Store.
   367 | D        | Found Ena Laul's Food Emporium.
   374 | D        | Noticed a burning bush
   374 | D        | Noticed a wandering mushroom
   375 | D        | Noticed a scorpion
   375 | D        | Noticed a wandering mushroom
   379 | D        | Killed a burning bush
   379 | D        | Reached skill level 5 in Dodging
   380 | D        | Killed a wandering mushroom
   380 | D        | Reached skill level 5 in Short Blades
   382 | D        | Killed a scorpion
   382 | D        | Offered knowledge of Throw Flame by Vehumet.
   667 | D        | Found Annusapra's Weapon Shoppe.
   668 | D        | Found Synopax's Antique Armour Emporium.
   715 | D        | Noticed a wandering mushroom
   715 | D        | Noticed a burning bush
   715 | D        | Noticed an oklob plant
   716 | D        | Noticed an oklob sapling
   717 | D        | Killed a burning bush
   739 | D        | Killed an oklob plant
   739 | D        | Reached skill level 10 in Dodging
   739 | D        | Reached XP level 9. HP: 34/41 MP: 18/18
   741 | D        | Killed an oklob sapling
   745 | D        | Killed a wandering mushroom
   851 | D        | Noticed a spriggan druid
   852 | D        | Killed a spriggan druid
   852 | D        | Offered knowledge of Stone Arrow by Vehumet.
   852 | D        | Reached skill level 10 in Short Blades
   864 | D        | Learned a level 3 spell: Stone Arrow
   869 | D        | Noticed an oklob plant conjurer
   870 | D        | Killed an oklob plant conjurer
  1062 | D        | Noticed an oklob plant
  1063 | D        | Noticed an oklob plant shifter
  1063 | D        | Noticed an oklob plant summoner
  1075 | D        | Killed an oklob plant
  1075 | D        | Reached skill level 5 in Spellcasting
  1080 | D        | Killed an oklob plant summoner
  1080 | D        | Reached XP level 10. HP: 46/46 MP: 23/28
  1085 | D        | Killed an oklob plant shifter
  1085 | D        | Reached skill level 5 in Earth Magic
  1091 | D        | Noticed a demonic crawler
  1093 | D        | Killed a demonic crawler
  1093 | D        | Acquired Vehumet's second power
  1095 | D        | Noticed a spriggan rider
  1095 | D        | Noticed a spriggan
  1095 | D        | Noticed a spriggan
  1193 | D        | Killed a spriggan
  1198 | D        | Killed a spriggan
  1198 | D        | Offered knowledge of Throw Icicle by Vehumet.
  1200 | D        | HP: 2/46 [spriggan rider/spear (21)]
  1201 | D        | Slain by a spriggan rider

Action                   |  1- 3 |  4- 6 |  7- 9 | 10-12 || total
-------------------------+-------+-------+-------+-------++-------
Melee: Dagger            |     5 |     7 |    51 |     4 ||    67
 Fire: Blowgun           |       |       |    16 |     4 ||    20
 Cast: Stone Arrow       |       |       |       |     9 ||     9
 Abil: Evoke Invisibilit |     1 |     1 |     2 |       ||     4
  Use: Potion            |       |       |     1 |     1 ||     2
 Stab: Sleeping          |     5 |     7 |    11 |     1 ||    24
       Invisible         |       |       |     2 |     1 ||     3
